 Dungeon Crawl Stone Soup version 0.29.0-4-gdea44cf6ec (webtiles) character file.

Game seed: 16166268693384908666

159 qw the Ruffian (level 5, -1/44 HPs)
             Began as a Ghoul Fire Elementalist on Aug 29, 2022.
             Slain by Edmund
             ... wielding a +3 flail of draining
              (7 damage)
             ... on level 4 of the Dungeon.
             The game lasted 00:02:19 (3371 turns).

qw the Ruffian (Ghoul Fire Elementalist)            Turns: 3371, Time: 00:02:20

Health: -1/44      AC:  8    Str: 14    XL:     5   Next: 40%
Magic:  6/6        EV:  9    Int: 10    God:
Gold:   126        SH:  0    Dex:  9    Spells: 6/7 levels left

rFire   + . .      SeeInvis .     - Unarmed
rCold   + . .      Faith    .   (no shield)
rNeg    + + +      Spirit   .   l - +0 scale mail
rPois   inf        Reflect  .   e - +1 helmet
rElec   .          Harm     .   (no cloak)
rCorr   .          Rampage  .   (no gloves)
Will    .....                   (no boots)
Stlth   ..........              (no amulet)
HPRegen 0.00/turn               b - ring of protection from fire
MPRegen 0.10/turn               (no ring)

@: inhibited regen
A: claws 1, cold resistance 1, negative energy resistance 3, inhibited
regeneration, torment resistance 2, devour on kill
a: no special abilities


You were on level 4 of the Dungeon.
You visited 1 branch of the dungeon, and saw 4 of its levels.

You collected 126 gold pieces.


Innate Abilities, Weirdness & Mutations

You are immune to poison.
You have sharp fingernails.
Your flesh is cold resistant. (rC+)
You are immune to negative energy. (rN+++)
You do not regenerate when monsters are visible.
You are immune to unholy pain and torment.
You thrive by killing the living.


   Skills:
 - Level 2.9 Fighting
 - Level 1.7 Dodging
 - Level 2.1 Stealth
 + Level 4.3 Unarmed Combat
 - Level 1.7 Spellcasting
 - Level 0.7 Conjurations
 - Level 2.4 Fire Magic


You had 6 spell levels left.
You knew the following spells:

 Your Spells              Type           Power      Damage    Failure   Level
a - Foxfire               Conj/Fire      16%        2x1d4     58%         1

Your spell library contained the following spells:

 Spells                   Type           Power      Damage    Failure   Level
 Scorch                   Fire           10%        2d6       63%         2
 Conjure Flame            Conj/Fire      4%         6-21      92%         3
 Inner Flame              Hex/Fire       3%         N/A       95%         3
 Flame Wave               Conj/Fire      4%         2d5       100%        4

Inventory:

Missiles
 c - 2 boomerangs (quivered)
Armour
 e - a +1 helmet (worn)
 l - a +0 scale mail (worn)
Jewellery
 b - a ring of protection from fire (left claw)
Scrolls
 h - a scroll of identify
Potions
 a - a potion of curing
 f - a potion of invisibility {unknown}
 i - a potion of might {unknown}
 m - a potion of haste {unknown}
 p - a potion of lignification {unknown}

Dungeon Overview and Level Annotations

Branches:
Dungeon (4/15)
 Temple: D:4-7

Altars:
Makhleb
Sif Muna

Annotations:
D:4 Edmund


Message History

You barely miss Edmund.
Edmund is lightly wounded.
The dart slug launches a dart at you. The slug dart hits you.
Edmund hits you with a +3 flail of draining.
3363 ||| DRINKING potion of heal wounds.
You feel much better. Edmund hits you but does no damage.
You scratch Edmund but do no damage.
Edmund is lightly wounded.
The dart slug launches a dart at you.
The slug dart hits you but does no damage.
Edmund barely misses you.
You scratch Edmund but do no damage.
Edmund is lightly wounded.
The dart slug bites you but does no damage.
Edmund barely misses you.
You scratch Edmund but do no damage.
Edmund is lightly wounded.
You closely miss Edmund.
Edmund is lightly wounded.
Edmund hits you with a +3 flail of draining!
The dart slug bites you but does no damage.
You scratch Edmund but do no damage.
Edmund is lightly wounded.
Edmund hits you with a +3 flail of draining.
The dart slug launches a dart at you. The slug dart hits you.
You scratch Edmund but do no damage.
Edmund is lightly wounded.
Edmund hits you with a +3 flail of draining.
You scratch Edmund but do no damage.
Edmund is lightly wounded.
Edmund hits you with a +3 flail of draining.
The dart slug launches a dart at you.
The slug dart hits you but does no damage.
You scratch Edmund.
Edmund is moderately wounded.
Edmund hits you with a +3 flail of draining!
You die...

#... .# . ###..#
... .. #w....
##.. ...
....#..... ...
...#..#... ..
..#..##..
#.##w.......#
#..@@.......###
####.##.##....##
#.##.##.....##
#.##.#....<..####
#................
####.#.......####
#.##.)...##
#.......##
#########


You could see Edmund and a dart slug.

Vanquished Creatures
  A scorpion (D:4)
  A hound (D:3)
  2 adders
  2 dart slugs
  An orc (D:3)
  10 ball pythons
  4 endoplasms
  7 goblins
  7 hobgoblins
  7 kobolds
  A quokka (D:3)
  3 bats
  2 rats
48 creatures vanquished.

Notes
Turn   | Place    | Note
-------+----------+-------------------------------------------
     0 | D:1      | qw the Ghoul Fire Elementalist began the quest for the Orb.
     0 | D:1      | Reached XP level 1. HP: 14/14 MP: 2/2
     0 | D:1      | 0 ||| qw: Version: 0.1-a-90-g952f4b7
     0 | D:1      | 0 ||| qw: Game counter: 4249
     0 | D:1      | 0 ||| qw: Always use a shield: true
     0 | D:1      | 0 ||| qw: God list: Okawaru
     0 | D:1      | 0 ||| qw: Allow faded altars: false
     0 | D:1      | 0 ||| qw: Do Orc after D:15 true
     0 | D:1      | 0 ||| qw: Do second Lair branch before Depths: true
     0 | D:1      | 0 ||| qw: Lair rune preference: random
     0 | D:1      | 0 ||| qw: Plans: Normal
     0 | D:1      | 0 ||| PLANNING D:1-11
    15 | D:1      | 15 ||| Stepping ~*~*~tactically~*~*~ (stealth).
    28 | D:1      | 28 ||| Stepping ~*~*~tactically~*~*~ (stealth).
    29 | D:1      | 29 ||| Stepping ~*~*~tactically~*~*~ (stealth).
    40 | D:1      | 40 ||| Stepping ~*~*~tactically~*~*~ (stealth).
    43 | D:1      | 43 ||| Stepping ~*~*~tactically~*~*~ (stealth).
    48 | D:1      | 48 ||| Stepping ~*~*~tactically~*~*~ (stealth).
    61 | D:1      | 61 ||| Stepping ~*~*~tactically~*~*~ (stealth).
    65 | D:1      | Reached skill level 1 in Unarmed Combat
   278 | D:1      | Reached skill level 1 in Fighting
   278 | D:1      | Reached XP level 2. HP: 23/23 MP: 3/3
   302 | D:1      | 302 ||| Stepping ~*~*~tactically~*~*~ (outnumbered).
   303 | D:1      | 303 ||| Stepping ~*~*~tactically~*~*~ (outnumbered).
   680 | D:1      | Reached skill level 2 in Unarmed Combat
   989 | D:1      | 989 ||| UPGRADING to +0 leather armour.
   999 | D:1      | 999 ||| DROPPING +0 robe.
  1000 | D:1      | 1000 ||| UPGRADING to +0 ring mail.
  1010 | D:1      | 1010 ||| DROPPING +0 leather armour.
  1011 | D:1      | 1011 ||| READING scroll labelled ONEPYKL POME.
  1012 | D:1      | 1012 ||| READING scroll labelled ULAKOE ADDYIM.
  1013 | D:1      | 1013 ||| READING scroll labelled AXTISEHUBIJE.
  1114 | D:1      | 1114 ||| READING scroll labelled GUUZOV HOWEF.
  1115 | D:1      | 1115 ||| DROPPING potion of magic.
  1384 | D:2      | Reached XP level 3. HP: 14/28 MP: 4/4
  1589 | D:2      | 1589 ||| Stepping ~*~*~tactically~*~*~ (hiding).
  1691 | D:2      | 1691 ||| Stepping ~*~*~tactically~*~*~ (hiding).
  2108 | D:2      | 2108 ||| Stepping ~*~*~tactically~*~*~ (stealth).
  2114 | D:2      | Reached skill level 3 in Unarmed Combat
  2268 | D:2      | Found a faded altar of an unknown god.
  2519 | D:2      | 2519 ||| UPGRADING to ring of protection from fire.
  2520 | D:2      | 2520 ||| READING scroll labelled WYHIUN AHEYXIE.
  2521 | D:2      | 2521 ||| READING scroll labelled JEZAEGAAMOS.
  2588 | D:3      | Identified the +0 helmet of Zijac {Rampage +Inv Int+2
                  | Dex-5}
  2658 | D:3      | Reached XP level 4. HP: 35/35 MP: 5/5
  2696 | D:3      | Found a burning altar of Makhleb.
  2705 | D:3      | 2705 ||| Stepping ~*~*~tactically~*~*~ (stealth).
  2711 | D:3      | 2711 ||| Stepping ~*~*~tactically~*~*~ (stealth).
  2713 | D:3      | 2713 ||| Stepping ~*~*~tactically~*~*~ (stealth).
  2735 | D:3      | 2735 ||| Stepping ~*~*~tactically~*~*~ (stealth).
  2752 | D:3      | 2752 ||| Stepping ~*~*~tactically~*~*~ (stealth).
  2758 | D:3      | 2758 ||| Stepping ~*~*~tactically~*~*~ (stealth).
  2760 | D:3      | 2760 ||| Stepping ~*~*~tactically~*~*~ (stealth).
  2765 | D:3      | 2765 ||| Stepping ~*~*~tactically~*~*~ (stealth).
  2908 | D:3      | Reached skill level 4 in Unarmed Combat
  2920 | D:3      | 2920 ||| Stepping ~*~*~tactically~*~*~ (stealth).
  3001 | D:3      | 3001 ||| Stepping ~*~*~tactically~*~*~ (stealth).
  3010 | D:3      | 3010 ||| Stepping ~*~*~tactically~*~*~ (outnumbered).
  3015 | D:3      | 3015 ||| FLEEEEING.
  3016 | D:3      | 3016 ||| FLEEEEING.
  3017 | D:3      | 3017 ||| FLEEEEING.
  3019 | D:3      | 3019 ||| FLEEEEING.
  3020 | D:3      | 3020 ||| FLEEEEING.
  3021 | D:3      | 3021 ||| FLEEEEING.
  3022 | D:3      | 3022 ||| FLEEEEING.
  3023 | D:3      | 3023 ||| FLEEEEING.
  3024 | D:3      | 3024 ||| FLEEEEING.
  3025 | D:3      | 3025 ||| FLEEEEING.
  3026 | D:3      | 3026 ||| FLEEEEING.
  3027 | D:3      | 3027 ||| FLEEEEING.
  3028 | D:3      | 3028 ||| FLEEEEING.
  3029 | D:3      | 3029 ||| FLEEEEING.
  3030 | D:3      | 3030 ||| FLEEEEING.
  3031 | D:3      | 3031 ||| FLEEEEING.
  3032 | D:3      | 3032 ||| FLEEEEING.
  3033 | D:3      | 3033 ||| FLEEEEING.
  3034 | D:3      | 3034 ||| FLEEEEING.
  3035 | D:3      | 3035 ||| FLEEEEING.
  3036 | D:3      | 3036 ||| FLEEEEING.
  3037 | D:3      | 3037 ||| FLEEEEING.
  3038 | D:3      | 3038 ||| FLEEEEING.
  3039 | D:3      | 3039 ||| FLEEEEING.
  3040 | D:3      | 3040 ||| FLEEEEING.
  3041 | D:3      | 3041 ||| FLEEEEING.
  3042 | D:3      | 3042 ||| FLEEEEING.
  3043 | D:3      | 3043 ||| STAIRDANCE
  3092 | D:2      | 3092 ||| UPGRADING to +0 helmet.
  3097 | D:2      | 3097 ||| DROPPING +0 helmet of Zijac {Rampage +Inv Int+2
                  | Dex-5}.
  3098 | D:2      | 3098 ||| UPGRADING to +0 scale mail.
  3108 | D:2      | 3108 ||| DROPPING +0 ring mail.
  3109 | D:2      | 3109 ||| READING scroll of enchant armour.
  3109 | D:2      | 3109 ||| ENCHANTING +0 helmet.
  3110 | D:2      | 3110 ||| READING scroll labelled LONEM OCUQ MEIM.
  3111 | D:2      | 3111 ||| READING scroll labelled LIZUKK UGUFUU.
  3115 | D:2      | 3115 ||| DRINKING 2 yellow potions.
  3116 | D:2      | 3116 ||| DRINKING 2 brown potions.
  3117 | D:2      | 3117 ||| READING 2 scrolls of identify.
  3117 | D:2      | 3117 ||| IDENTIFYING grey potion
  3118 | D:2      | 3118 ||| DROPPING potion of brilliance.
  3295 | D:3      | Found a shimmering blue altar of Sif Muna.
  3347 | D:4      | Noticed Edmund
  3347 | D:4      | Noticed a scorpion
  3354 | D:4      | 3354 ||| Stepping ~*~*~tactically~*~*~ (outnumbered).
  3355 | D:4      | Killed a scorpion
  3356 | D:4      | Reached XP level 5. HP: 34/44 MP: 6/6
  3362 | D:4      | HP: 8/44 [Edmund/+3 flail of draining (6)]
  3363 | D:4      | 3363 ||| DRINKING potion of heal wounds.
  3369 | D:4      | HP: 8/44 [Edmund/+3 flail of draining (5)]
  3371 | D:4      | Slain by Edmund

Levels and vault maps discovered:
D:1:      amcnicky_arrival_double_pillar, layout_rooms
D:2:      layout_loops_corners, nicolae_ecumenical_oubliette
D:3:      layout_rooms, nicolae_sif_muna_little_library,
          mainiacjoe_overflow_boulevard, hangedman_decor_opposing,
          minmay_misc_feat_rows
D:4:      layout_loops_cross, uniq_edmund, uniq_pikel

Skill      XL: |  1  2  3  4 |
---------------+-------------+-----
Unarmed Combat | 1 2 3 4 |  4.3
Fighting       | 1 2 |  2.9
Dodging        | |  1.7
Stealth        | |  2.1
Spellcasting   | |  1.7
Conjurations   | |  0.7
Fire Magic     | |  2.4

Action                   |  1- 3 |  4- 6 || total
-------------------------+-------+-------++-------
Melee: Unarmed           |   115 |    60 ||   175
Throw: Boomerang         |    25 |     9 ||    34
  Use: Scroll            |     6 |     4 ||    10
       Potion            |       |     3 ||     3
Armor: Robe              |     4 |       ||     4
       Ring mail         |    47 |     7 ||    54
       Scale mail        |       |    11 ||    11
Dodge: Dodged            |    75 |    22 ||    97

Table legend:
 A = Non-vault XP
 B = Vault XP
 C = Vault XP percentage of total XP
 D = Non-vault monster count
 E = Vault monster count
 F = Vault count percentage of total count
                 A         B        C        D         E       F
            +---------+---------+-------+---------+---------+-------
      Total |     228 |       0 |   0.0 |      48 |       0 |   0.0
            +---------+---------+-------+---------+---------+-------
        D:1 |      28 |       0 |   0.0 |      17 |       0 |   0.0
        D:2 |      35 |       0 |   0.0 |      12 |       0 |   0.0
        D:3 |      85 |       0 |   0.0 |      18 |       0 |   0.0
        D:4 |      80 |       0 |   0.0 |       1 |       0 |   0.0
            +---------+---------+-------+---------+---------+-------
